 Dungeon Crawl Stone Soup version 0.30-a0-331-g8ab09dc110 (webtiles) character file.

Game seed: 8816505079515730233

489606 blackman the Bewitcher (level 25, -89/173 HPs)
             Began as a Human Delver on Oct 29, 2022.
             Was the Champion of Ashenzari.
             Killed from afar by an orb of fire (97 damage)
             ... with a fireball
             ... on level 4 of the Depths on Oct 30, 2022.
             The game lasted 02:58:26 (53135 turns).

blackman the Bewitcher (Human Delver)              Turns: 53135, Time: 02:58:27

Health: -89/173    AC: 28    Str: 20    XL:     25   Next: 55%
Magic:  9/43       EV: 27    Int: 25    God:    Ashenzari [******]
Gold:   6041       SH: 18    Dex: 24    Spells: 10/56 levels left

rFire   . . .      SeeInvis +    h - +2 hand crossbow "Revealing Loss" {vorpal, Self, Comp} (curse)
rCold   . . .      Faith    +    K - +2 kite shield "Enigmatic Annoyance" {AC+3, Range, Fort} (curse)
rNeg    . . .      Spirit   .    A - +1 ring mail "Share My Insecurity" {Harm Regen+, Comp, Range} (curse)
rPois   .          Reflect  .    b - +2 helmet of Cremastomancy {Int+3, Comp, Range} (curse)
rElec   .          Harm     +    Q - +2 cloak of Ashenzari's Omission {Self, Alch} (curse)
rCorr   .          Rampage  .    p - +1 pair of gloves "Boredom of Ashenzari" {Elem, Range} (curse)
Will    +....      Clarity  +    E - +2 pair of boots "Shattered Mistrust" {Evo, Range} (curse)
Stlth   ++++......               C - amulet of Ashenzari's Prison {Faith Str+6, Self, Alch} (curse)
HPRegen 1.28/turn                B - ring "I Foresaw This" {Dex+6, Cun, Bglg} (curse)
MPRegen 0.28/turn                S - ring "Perceptive Suspicion" {Int+6, Comp, Bglg} (curse)

@: unable to drink
A: talons 1, clarity, dopey 1, frail 1, inability to drink after injury 1
}: 4/15 runes: barnacled, silver, abyssal, gossamer
a: Renounce Religion, Shatter the Chains


You were on level 4 of the Depths.
You worshipped Ashenzari.
Ashenzari was exalted by your worship.
You visited 10 branches of the dungeon, and saw 42 of its levels.
You visited the Abyss 3 times.
You visited 1 bazaar.
You also visited: Ossuary, Bailey and Gauntlet.

You collected 7922 gold pieces.
You spent 1881 gold pieces at shops.

Inventory:

Hand Weapons
 h - the cursed +2 hand crossbow "Revealing Loss" (weapon) {vorpal, Self, Comp}
   (You found it on level 5 of the Dungeon)

   Any ammunition fired from it inflicts extra damage upon your enemies.
   It has a curse which improves the following skills: Introspection: Fighting
   and Spellcasting.
   Companions: Summonings and Necromancy.
Missiles
 f - 18 curare-tipped darts
 j - 16 javelins (quivered)
 D - 8 throwing nets
Armour
 b - the cursed +2 helmet of Cremastomancy (worn) {Int+3, Comp, Range}
   (You bought it in a shop on level 8 of the Dungeon)

   It has a curse which improves the following skills: Companions: Summonings
   and Necromancy.
   Ranged Combat: Ranged Weapons and Throwing.
 p - the cursed +1 pair of gloves "Boredom of Ashenzari" (worn) {Elem, Range}
   (You bought it in a shop on level 5 of the Dungeon)

   It has a curse which improves the following skills: Elements: Fire Magic, Ice
   Magic, Air Magic and Earth Magic.
   Ranged Combat: Ranged Weapons and Throwing.
 A - the cursed +1 ring mail "Share My Insecurity" (worn) {Harm Regen+, Comp, Range}
   (You found it on level 7 of the Dungeon)

   Regen:     It increases your rate of health regeneration.
   Harm:      It increases damage dealt and taken.
   It has a curse which improves the following skills: Companions: Summonings
   and Necromancy.
   Ranged Combat: Ranged Weapons and Throwing.
 E - the cursed +2 pair of boots "Shattered Mistrust" (worn) {Evo, Range}
   (You bought it in a shop on level 8 of the Dungeon)

   It has a curse which improves the following skills: Evocations: Evocations.
   Ranged Combat: Ranged Weapons and Throwing.
 K - the cursed +2 kite shield "Enigmatic Annoyance" (worn) {AC+3, Range, Fort}
   (You found it in a bailey)

   It has a curse which improves the following skills: Ranged Combat: Ranged
   Weapons and Throwing.
   Fortitude: Armour and Shields.
 Q - the cursed +2 cloak of Ashenzari's Omission (worn) {Self, Alch}
   (You bought it in a shop on level 6 of the Dungeon)

   It has a curse which improves the following skills: Introspection: Fighting
   and Spellcasting.
   Alchemy:   Poison Magic and Transmutations.
Jewellery
 k - the ring of Faradas {rPois SInv}
   (You found it on level 5 of the Vaults)

   [ring of poison resistance]

   rPois:     It protects you from poison.
   SInv:      It lets you see invisible.
 x - the ring of Aroguap {Ice Str+4 Int+3}
   (You found it on level 4 of the Spider Nest)

   [ring of ice]

   It enhances your ice magic.
   Str:       It affects your strength (+4).
   Int:       It affects your intelligence (+3).
   rF:        It makes you vulnerable to fire.
   rC:        It protects you from cold.
 B - the cursed ring "I Foresaw This" (left hand) {Dex+6, Cun, Bglg}
   (You found it on level 1 of the Lair of Beasts)

   [ring of dexterity]

   Dex:       It affects your dexterity (+6).
   It has a curse which improves the following skills: Cunning: Dodging and
   Stealth.
   Beguiling: Conjurations, Hexes and Translocations.
 C - the cursed amulet of Ashenzari's Prison (around neck) {Faith Str+6, Self, Alch}
   (You found it in a Gauntlet)

   [amulet of faith]

   It allows you to gain divine favour quickly.
   Str:       It affects your strength (+6).
   It has a curse which improves the following skills: Introspection: Fighting
   and Spellcasting.
   Alchemy:   Poison Magic and Transmutations.
 H - a +4 ring of slaying
 O - a ring of willpower
 S - the cursed ring "Perceptive Suspicion" (right hand) {Int+6, Comp, Bglg}
   (You bought it in a shop on level 10 of the Dungeon)

   [ring of intelligence]

   Int:       It affects your intelligence (+6).
   It has a curse which improves the following skills: Companions: Summonings
   and Necromancy.
   Beguiling: Conjurations, Hexes and Translocations.
 U - an amulet of reflection
 X - a ring of protection from cold
 Z - a ring of magical power
Wands
 g - a wand of digging (8)
 o - a wand of charming (19)
 t - a wand of flame (81)
 y - a wand of mindburst (27)
 z - a wand of iceblast (22)
 F - a wand of polymorph (38)
 P - a wand of light (18)
Scrolls
 c - 10 scrolls of fog
 d - 12 scrolls of magic mapping
 e - 8 scrolls of fear
 q - 2 scrolls of silence
 u - 6 scrolls of enchant weapon
 w - 4 scrolls of teleportation
 J - a scroll of summoning
 L - 3 scrolls of brand weapon
 T - 3 scrolls of enchant armour
 V - 5 scrolls of amnesia
 W - 3 scrolls of blinking
Potions
 a - 4 potions of lignification
 i - 4 potions of invisibility
 l - 11 potions of attraction
 m - 28 potions of curing
 n - 3 potions of berserk rage
 r - a potion of flight
 s - 4 potions of might
 v - 10 potions of brilliance
 G - 5 potions of haste
 I - 10 potions of heal wounds
 M - 12 potions of ambrosia
 N - 5 potions of resistance
 R - 6 potions of cancellation
 Y - 4 potions of mutation


   Skills:
 - Level 9.5(14.6) Fighting
 - Level 2.0 Long Blades
 - Level 12.6(19.8) Ranged Weapons
 - Level 18.0(20.4) Armour
 * Level 17.9(20.3) Dodging
 - Level 5.0(7.5) Stealth
 - Level 13.6(16.1) Shields
 - Level 11.0(16.1) Spellcasting
 - Level 19.1(22.7) Hexes
 - Level 7.2(13.2) Summonings
 - Level 16.1(22.2) Necromancy
 - Level 6.5(10.4) Translocations
 - Level 7.9(10.6) Earth Magic


You had 10 spell levels left.
You knew the following spells:

 Your Spells              Type           Power      Damage    Failure   Level
a - Borgnjor's Vile Clut  Necr/Erth      40%        N/A       1%          5
b - Death Channel         Necr           46%        N/A       1%          6
c - Portal Projectile     Hex/Tloc       100%       N/A       1%          3
d - Blink                 Tloc           100%       N/A       1%          2
e - Infestation           Necr           46%        N/A       4%          8
f - Haunt                 Necr/Summ      41%        N/A       3%          7
g - Enfeeble              Hex            46%        N/A       1%          7
h - Discord               Hex            46%        N/A       3%          8

Your spell library contained the following spells:

 Spells                   Type           Power      Damage    Failure   Level
 Necrotise                Necr           100%       1d9       0%          1
 Slow                     Hex            100%       N/A       0%          1
 Sublimation of Blood     Necr           92%        N/A       0%          2
 Confusing Touch          Hex            93%        N/A       0%          3
 Tukima's Dance           Hex            93%        N/A       0%          3
 Vampiric Draining        Necr           92%        2d12      0%          3
 Anguish                  Hex/Necr       46%        N/A       0%          4
 Animate Dead             Necr           92%        N/A       0%          4
 Cause Fear               Hex            46%        N/A       0%          4
 Dispel Undead            Necr           92%        3d29      0%          4
 Apportation              Tloc           100%       N/A       1%          1
 Kiss of Death            Conj/Necr      100%       2d13      1%          1
 Summon Small Mammal      Summ           100%       N/A       1%          1
 Cigotuvi's Dreadful Rot  Necr/Pois/Air  100%       N/A       1%          2
 Ensorcelled Hibernation  Hex/Ice        100%       N/A       1%          2
 Momentum Strike          Conj/Tloc      94%        3d10      1%          2
 Passwall                 Tmut/Erth      40%        N/A       1%          2
 Call Canine Familiar     Summ           72%        N/A       1%          3
 Dazzling Flash           Conj/Hex       100%       N/A       1%          3
 Gell's Gravitas          Tloc           64%        N/A       1%          3
 Inner Flame              Hex/Fire       67%        N/A       1%          3
 Lesser Beckoning         Tloc           100%       N/A       1%          3
 Stone Arrow              Conj/Erth      96%        3d13      1%          3
 Teleport Other           Tloc           64%        N/A       1%          3
 Fulminant Prism          Conj/Hex       34%        3d15      1%          4
 Leda's Liquefaction      Hex/Erth       40%        N/A       1%          4
 Manifold Assault         Tloc           64%        N/A       1%          4
 Passage of Golubria      Tloc           64%        N/A       1%          4
 Metabolic Englaciation   Hex/Ice        33%        N/A       1%          5
 Summon Mana Viper        Hex/Summ       84%        N/A       1%          5
 Yara's Violent Unravell  Hex/Tmut       34%        3d14      1%          5
 Summon Ice Beast         Ice/Summ       52%        N/A       3%          4
 Summon Lightning Spire   Summ/Air       52%        N/A       3%          4
 Freeze                   Ice            84%        1d9       4%          1
 Magic Dart               Conj           88%        1d7       4%          1
 Shock                    Conj/Air       88%        1d8       4%          1
 Iskenderun's Mystic Bla  Conj/Tloc      47%        2d10      6%          4
 Petrify                  Tmut/Erth      48%        N/A       6%          4
 Searing Ray              Conj           44%        2d6       7%          2
 Wereblood                Tmut           22%        N/A       7%          2
 Simulacrum               Ice/Necr       33%        N/A       9%          6
 Dispersal                Tloc           32%        N/A       12%         6
 Hailstorm                Conj/Ice       22%        3d7       14%         3
 Spider Form              Tmut/Pois      22%        N/A       14%         3
 Frozen Ramparts          Ice            42%        1d7       16%         3
 Ozocubu's Armour         Ice            21%        N/A       16%         3
 Swiftness                Air            21%        N/A       16%         3
 Monstrous Menagerie      Summ           36%        N/A       22%         7
 Summon Hydra             Summ           36%        N/A       22%         7
 Flame Wave               Conj/Fire      22%        2d8       43%         4
 Ice Form                 Ice/Tmut       22%        N/A       43%         4
 Sticky Flame             Conj/Fire      22%        2d4       43%         4
 Airstrike                Air            10%        2d(2-18)  45%         4
 Statue Form              Tmut/Erth      32%        N/A       65%         6
 Blade Hands              Tmut           11%        N/A       77%         5
 Irradiate                Conj/Tmut      11%        3d15      77%         5
 Iskenderun's Battlesphe  Conj           22%        2d8       77%         5
 Fireball                 Conj/Fire      11%        3d7       80%         5
 Disjunction              Tloc           32%        N/A       99%         8
 Conjure Ball Lightning   Conj/Air       11%        3x3d6     100%        6
 Starburst                Conj/Fire      11%        6d5       100%        6
 Dragon Form              Tmut           11%        N/A       100%        7
 Orb of Destruction       Conj           11%        9d6       100%        7
 Storm Form               Tmut/Air       11%        N/A       100%        7
 Lehudib's Crystal Spear  Conj/Erth      24%        10d7      100%        8
 Maxwell's Capacitive Co  Air            10%        ∞         100%        8


Dungeon Overview and Level Annotations

Branches:
Dungeon (15/15)            Temple (0/1) D:5            Lair (5/5) D:10
 Shoals (4/4) Lair:3       Spider (4/4) Lair:2        Slime (1/5) Lair:5
    Orc (2/2) D:10            Elf (1/3) Orc:2        Vaults (5/5) D:14
  Crypt (0/3) Vaults:3     Depths (4/4) D:15            Zot (1/5) Depths:4
Ossuary (visited)          Bailey (visited)         Gauntlet (visited)

Altars:
Ashenzari
Gozag
Hepliaklqana
Makhleb
Nemelex Xobeh
Ru
Sif Muna
Trog
Uskayaw
Vehumet
Wu Jian
Xom
The Shining One
Jiyva

Shops:
D:3 :   D:5 =**:[   D:6 [=(   D:7 *   D:8 [   D:10 [=   Orc:2 *([:   Shoals:2 [
Vaults:5 (

Portals:
Hell: Depths:1 Depths:2 Depths:3 Depths:4
Abyss: Depths:1 Depths:2 Depths:3
Pandemonium: Depths:1 Depths:2 Depths:3 Depths:4
Ziggurat: Depths:3

Annotations:
D:10 1 runed translucent door, baller8008's ghost, journeyman AtFi
Shoals:4 3 runed translucent doors, Phlounder's ghost, adept DjFE


Innate Abilities, Weirdness & Mutations

You have sharp toenails.
You possess an exceptional clarity of mind.
You are dopey. (Int -2)
You are frail. (-10% HP)
You occasionally lose the ability to drink potions when taking damage.


Message History

Your wraith is destroyed!
Your wraith disappears in a puff of smoke!
The fireball engulfs your wraith!!!!
Your wraith is destroyed!
Your wraith disappears in a puff of smoke!
The fireball engulfs your freezing wraith!!!!
Your freezing wraith is burned terribly!
Your freezing wraith is destroyed!
Your freezing wraith disappears in a puff of smoke!
The fireball engulfs your death scarab!!!
Your death scarab is destroyed!
The fireball engulfs your wraith!!!
Your wraith is destroyed!
Your wraith disappears in a puff of smoke!
The fireball engulfs your death scarab!!!
Your death scarab is destroyed!
Your wraith disappears in a puff of smoke!
Your phantasmal warrior disappears in a puff of smoke!
Casting: Infestation (dangerous; 4% risk of failure)
Confirm with . or Enter, or press ? or * to list all spells.
Aiming: Haunt (dangerous; 3% risk of failure)
Press: ? - help, Dir - move target, f - orb of fire
Aim: an orb of fire (infested, ally target) Insubstantial figures form in the air.
Your phantasmal warrior hits the orb of fire but does no damage.
Casting: Haunt (dangerous; 3% risk of failure)
Confirm with . or Enter, or press ? or * to list all spells.
Aiming: Haunt (dangerous; 3% risk of failure)
Press: ? - help, Dir - move target, f/p - orb of fire
Aim: an orb of fire (infested, ally target) Insubstantial figures form in the air.
Your phantasmal warrior disappears in a puff of smoke!
The orb of fire glows red.
The bolt of fire hits you!!
You feel threatened and lose the ability to drink potions!
* * * LOW HITPOINT WARNING * * *
The orb of fire glows deep purple.
The fireball explodes!
The fireball engulfs you!!!!
Ouch! That really hurt!
You die...

## #.#'##........##.#####...##'#.
.###.#..###......##.......###..#.
...'.##...###...........###...##.
.###..##....###.......###....##..
.###...##.....#########..)..##...
....'...##..............)..##..#.
.#.##.~..#..........)...)..#..##.
..###.~#.##.......⌠.[...[.##.###.
.####.~#..##...W@WW......##..###.
...##.~~~..##.WW*§W.....##...'...
##.##.......##.W..§§...##....####
#.###+##+#..##..W∩...##..#######
+...#.##.....##.....##..........
.#.....##..##..###.###..###.#####
.#.#.......###...###....'........
.#.######....##......#≈.###.#####
.#.# ####.##.≈~~~~~~.# #.#


You could see an orb of fire (infested, ally target), a friendly phantasmal
warrior (summoned), 2 friendly freezing wraiths and 5 friendly wraiths.

Vanquished Creatures
  An ancient lich (Vaults:5)
  A juggernaut (Depths:3)
  2 bone dragons
  2 tentacled monstrosities
  Rupert (Orc:2)
  3 liches
  Asterion (Vaults:1)
  2 titans (Vaults:5)
  2 quicksilver dragons
  A death cob (Depths:4)
  A kraken (Shoals:3)
  Gastronok (Lair:1)
  3 storm dragons
  5 tengu reavers
  4 shadow dragons
  An azure jelly (Vaults:3)
  7 fire giants
  Roxanne (Shoals:4)
  5 frost giants
  2 iron dragons
  Ilsuiw (Shoals:3)
  10 emperor scorpions (Spider:4)
  A draconian scorcher (Depths:4)
  2 ghost moths
  A draconian shifter (Depths:4)
  9 vault wardens
  A broodmother (Spider:2)
  A cacodemon (Depths:4)
  A draconian annihilator (Depths:4)
  2 spriggan defenders (Depths:3)
  An orc warlord (Orc:2)
  14 stone giants
  2 ironbound preservers
  15 very ugly things
  2 deep elf demonologists
  9 ironbound thunderhulks
  2 lorocyprocas
  Azrael (D:13)
  2 green draconians (Depths:4)
  A purple draconian (Depths:4)
  A deep elf annihilator (Vaults:5)
  11 dire elephants
  A minotaur (Gauntlet)
  6 spark wasps
  A red draconian (Depths:4)
  8 ettins
  A crystal guardian (Vaults:4)
  4 fire dragons
  2 deep elf high priests
  10 entropy weavers
  5 merfolk impalers
  3 merfolk javelineers
  3 rakshasas
  2 great orbs of eyes
  Fannar (Lair:2)
  6 hydras (Lair:5)
  9 vault guards
  Erolcha (D:12)
  5 yaktaur captains
  2 catoblepae
  6 ice dragons
  A peacekeeper (Vaults:4)
  4 ironbound frosthearts
  3 spriggan air magi
  3 merfolk avatars
  A radroach (Spider:3)
  8 centaur warriors
  3 dancing weapons (Elf:1)
  An alligator snapping turtle (Shoals:4)
  3 thrashing horrors (Abyss:3)
  A two-headed ogre (D:11)
  7 boulder beetles
  3 deep troll earth magi
  A vampire mage (Vaults:3)
  8 deep troll shamans
  2 deep elf knights
  9 tengu warriors
  2 spriggan berserkers (Depths:3)
  2 orc high priests (Orc:2)
  12 death yaks
  Sonja (Lair:1)
  6 hell knights
  A sun moth (Spider:4)
  2 nameless horrors
  A sixfirhy (Depths:4)
  5 skeletal warriors (D:15)
  30 deep trolls
  8 iron trolls
  9 pharaoh ants
  2 glowing orange brains
  A sea snake (shapeshifter) (Vaults:5)
  11 sea snakes
  12 lindwurms
  5 orb spiders
  10 steelbarb worms
  3 deep elf archers (Elf:1)
  2 necromancers
  6 orc knights
  A phantasmal warrior (Vaults:5)
  12 ironbound convokers
  20 wolf spiders
  12 deep elf pyromancers
  6 deep elf zephyrmancers (Elf:1)
  4 wizards
  9 harpies
  An oklob plant (D:10)
  4 fauns
  A faun (shapeshifter) (Depths:3)
  6 orc sorcerers
  4 cyclopes
  27 ugly things
  3 moths of wrath
  19 manticores
  2 worldbinders
  10 merfolk sirens
  A manticore (shapeshifter) (Vaults:5)
  8 elephants
  11 vault sentinels
  5 water nymphs
  7 black mambas
  2 smoke demons
  A gargoyle (D:11)
  11 torpor snails
  Maggie (D:9)
  3 rust devils
  An orange demon (Depths:3)
  14 cane toads
  5 kobold demonologists
  7 komodo dragons
  2 unseen horrors
  A freezing wraith (Vaults:5)
  11 demonic crawlers
  A tengu conjurer (Depths:4)
  A hellwing (Abyss:3)
  4 rime drakes
  An efreet (D:15)
  14 yaktaurs
  2 ancient zymes (Abyss:3)
  2 ice devils
  22 merfolk
  6 trolls
  8 wind drakes
  A polar bear (Lair:3)
  7 meliai
  A queen bee (Lair:2)
  3 hornets (Gauntlet)
  19 tarantellas
  6 snapping turtles
  15 slime creatures
  9 dream sheep
  9 blink frogs
  2 raiju (Abyss:3)
  A shadow (D:11)
  11 jumping spiders
  19 culicivoras
  10 wyverns
  6 centaur simulacra
  4 water elementals
  5 vampires
  4 fire elementals (D:13)
  27 yaks
  2 wraiths
  41 redbacks
  6 basilisks
  2 chaos spawn
  Grum (Bailey)
  2 large abominations (Abyss:3)
  5 vampire mosquitoes
  A steam dragon (D:8)
  6 wargs
  Menkaure (D:6)
  A harpy simulacrum (Gauntlet)
  3 swamp worms (Lair:5)
  An acid dragon (D:14)
  3 hell hounds (D:13)
  18 water moccasins
  2 ice beasts (D:7)
  30 orc warriors
  A black bear (D:5)
  9 ogres
  24 wolves
  A boggart (Gauntlet)
  11 centaurs
  10 kobold brigands
  An elf zombie (D:8)
  8 bullfrogs
  5 necrophages (Lair:3)
  An elf skeleton (D:8)
  4 scorpions
  6 gnoll sergeants (Bailey)
  4 wights (D:9)
  2 small abominations (Abyss:3)
  32 killer bees
  6 electric eels (D:10)
  14 howler monkeys
  2 centaur zombies (Ossuary)
  A quasit (Abyss:3)
  Crazy Yiuf (D:3)
  7 gnoll boudas
  A jelly (D:5)
  5 hounds
  2 human zombies (Ossuary)
  13 orc priests
  A human skeleton (D:8)
  2 iguanas
  20 orc wizards
  8 hell rats
  2 hound zombies (Ossuary)
  3 mummies (Ossuary)
  27 gnolls
  9 adders
  A shadow imp (D:7)
  2 white imps
  2 ufetubi (D:6)
  2 adder zombies (Ossuary)
  A worm (D:2)
  A dart slug (D:2)
  53 orcs
  3 bats
  9 endoplasms
  9 goblins
  4 hobgoblins (D:4)
  42 kobolds
  2 quokkas
  4 ball pythons
  3 frilled lizards
  7 goblin zombies (Ossuary)
  2 hobgoblin zombies (Ossuary)
  3 jackal zombies (Ossuary)
  2 kobold zombies (Ossuary)
  7 orc zombies
  7 quokka zombies (Ossuary)
  6 rats
  4 rat zombies (Ossuary)
1397 creatures vanquished.

Vanquished Creatures (collateral kills)
  An ancient lich (Vaults:5)
  A golden dragon (Depths:3)
  the Enchantress (Depths:3)
  2 bone dragons (Depths:4)
  2 tentacled monstrosities
  The ghost of HilariousDeathArtist the Warrior, an adept DsRe of Makhleb (Vaults:3)
  3 titans
  A kraken (Shoals:4)
  Polyphemus (Shoals:3)
  Kirke (D:13)
  A tengu reaver (Vaults:5)
  A storm dragon (Vaults:5)
  3 shadow dragons (Vaults:5)
  4 fire giants
  Donald (Vaults:1)
  3 frost giants
  An emperor scorpion (Spider:4)
  5 vault wardens
  9 ironbound preservers
  3 spriggan defenders (Depths:3)
  A quicksilver ooze (Vaults:3)
  2 war gargoyles (Vaults:5)
  A vampire knight (Depths:4)
  15 very ugly things
  A broodmother (Spider:4)
  4 ironbound thunderhulks
  5 stone giants
  6 dire elephants
  3 spark wasps
  4 ettins
  2 crystal guardians (Vaults:4)
  2 merfolk javelineers
  2 fire dragons (Depths:1)
  A merfolk impaler (Shoals:2)
  3 yaktaur captains
  A deep elf high priest (Vaults:5)
  3 great orbs of eyes
  2 peacekeepers (Vaults:4)
  2 entropy weavers
  25 vault guards
  2 rakshasas
  3 spriggan air magi (Depths:3)
  3 boulder beetles
  2 radroaches
  2 merfolk aquamancers (Shoals:4)
  3 ironbound frosthearts
  5 centaur warriors
  6 deep troll earth magi
  A death yak (Shoals:3)
  A tengu warrior (D:15)
  A vampire mage (Depths:1)
  3 deep troll shamans
  2 spriggan berserkers (Depths:1)
  The ghost of purpskrrrp the Lord of Darkness, a journeyman DESu of Kikubaaqudgha (D:11)
  13 hell knights
  5 iron trolls
  3 sea snakes
  29 deep trolls
  5 wizards
  A flayed ghost (Depths:2)
  A steelbarb worm (Spider:2)
  2 orb spiders
  10 harpies
  A swamp dragon (shapeshifter) (Depths:2)
  9 ironbound convokers
  An obsidian statue (Vaults:3)
  A phantasmal warrior (Vaults:5)
  5 necromancers
  A deep elf pyromancer (Elf:1)
  4 wolf spiders
  2 manticores
  A cyclops (D:15)
  2 merfolk sirens (Shoals:3)
  20 ugly things
  2 moths of wrath (Depths:4)
  A cane toad (shapeshifter) (Vaults:5)
  7 vault sentinels
  A torpor snail (shapeshifter) (Vaults:5)
  A water nymph (shapeshifter) (Vaults:4)
  2 eyes of devastation (Vaults:3)
  4 freezing wraiths
  14 yaktaurs
  An ice devil (Depths:1)
  5 meliai
  5 merfolk
  A raiju (shapeshifter) (Depths:3)
  A wind drake (Shoals:3)
  9 tarantellas
  13 slime creatures
  2 snapping turtles
  4 jumping spiders (Spider:2)
  A spriggan (Depths:3)
  A ynoxinul (Depths:4)
  2 culicivoras
  2 water elementals
  16 redbacks
  A hell hound (D:13)
  2 floating eyes
  3 centaurs (D:15)
  A howler monkey (D:13)
383 creatures vanquished.

Vanquished Creatures (others)
  A fire giant (Vaults:5)
  A spriggan defender (Depths:1)
  A very ugly thing (Depths:3)
  A deep elf death mage (Vaults:5)
  3 yaktaur captains
  A vault guard (Vaults:5)
  A spriggan air mage (Depths:3)
  An ogre mage (Vaults:5)
  A hell knight (Vaults:5)
  A deep troll (Depths:2)
  2 ironbound convokers (Vaults:5)
  A mana viper (shapeshifter) (Depths:3)
  A guardian serpent (shapeshifter) (Vaults:5)
  A yaktaur (Vaults:3)
  A slime creature (Vaults:3)
  A hornet (Depths:3)
  A spriggan (Depths:3)
  2 humans (D:13)
  17 fungi
  117 plants
  4 starspawn tentacles (Abyss:3)
  12 tentacles
172 creatures vanquished.

Grand Total: 1952 creatures vanquished

Notes
Turn   | Place    | Note
-------+----------+-------------------------------------------
     0 | D:5      | blackman the Human Delver began the quest for the Orb.
     0 | D:5      | Reached XP level 1. HP: 18/18 MP: 1/1
    18 | D:5      | Found Orghura's General Store.
    59 | D:5      | Noticed an iguana
    87 | D:4      | Noticed a scorpion
   101 | D:5      | Killed an iguana
   102 | D:5      | Reached XP level 2. HP: 21/24 MP: 2/2
   102 | D:5      | Reached XP level 3. HP: 25/29 MP: 3/3
   118 | D:4      | Killed a scorpion
   119 | D:4      | Reached XP level 4. HP: 34/35 MP: 4/4
   217 | D:4      | Found a sacrificial altar of Ru.
   239 | D:4      | Found a shimmering blue altar of Sif Muna.
   243 | D:4      | Noticed an ogre
   246 | D:4      | Killed an ogre
   247 | D:4      | Reached skill level 5 in Ranged Weapons
   247 | D:4      | Reached XP level 5. HP: 41/41 MP: 5/5
   287 | D:4      | Reached XP level 6. HP: 47/47 MP: 6/6
   635 | D:4      | Noticed an ogre
   924 | D:4      | Killed an ogre
   925 | D:4      | Reached XP level 7. HP: 52/52 MP: 7/7
  1038 | D:4      | Found a glowing golden altar of the Shining One.
  1045 | D:4      | Found an opulent altar of Gozag.
  1218 | D:3      | Found an ornate altar of the Wu Jian Council.
  1363 | D:3      | Found a hazy altar of Hepliaklqana.
  1478 | D:3      | Found a broken altar of Ashenzari.
  1485 | D:3      | Found Kounurchagg's Book Emporium.
  1544 | D:3      | Became a worshipper of Ashenzari the Shackled
  1623 | D:3      | Found a runed translucent door.
  1624 | D:3      | Noticed Crazy Yiuf
  2885 | D:3      | Killed Crazy Yiuf
  2895 | D:3      | Reached * piety under Ashenzari
  3088 | D:5      | Found a staircase to the Ecumenical Temple.
  3093 | D:5      | Found Hebishru's Assorted Antiques.
  3100 | D:5      | Bought a pair of runed gloves for 195 gold pieces
  3106 | D:5      | Found Rocuwog's Jewellery Shoppe.
  3322 | D:5      | Found Datiti's Antique Armour Shoppe.
  3324 | D:5      | Found Huaki Pilehu's Book Emporium.
  3349 | D:5      | Reached XP level 8. HP: 52/58 MP: 8/8
  4136 | D:6      | Reached ** piety under Ashenzari
  4192 | D:6      | Found Zeug's Antique Armour Emporium.
  4282 | D:6      | Found Keudyxia's Jewellery Shop.
  4344 | D:6      | Reached skill level 1 in Armour
  4457 | D:6      | Found Uleliof's Weapon Boutique.
  4804 | D:6      | Noticed Menkaure
  4811 | D:6      | Killed Menkaure
  4974 | D:7      | Reached skill level 5 in Armour
  4974 | D:7      | Reached XP level 9. HP: 48/63 MP: 9/9
  5118 | D:7      | Identified the +1 ring mail of Proximity {Harm Regen+}
  5553 | D:6      | Bought a runed buckler for 180 gold pieces
  5846 | D:7      | Found Renoruow's Serpentskin Sales.
  5944 | D:7      | Reached skill level 1 in Shields
  6086 | D:8      | Found Beovot's Antique Armour Shop.
  6114 | D:8      | Noticed a moth of wrath
  6125 | D:8      | Killed a moth of wrath
  6202 | D:8      | Found a bloodstained altar of Trog.
  6267 | D:8      | Reached XP level 10. HP: 66/70 MP: 10/10
  6466 | D:8      | Reached skill level 5 in Dodging
  6484 | D:8      | Reached skill level 5 in Shields
  6524 | D:8      | Found a sand-covered staircase.
  6540 | Ossuary  | Entered an ossuary
  6992 | D:8      | Found a sparkling altar of Nemelex Xobeh.
  7243 | D:8      | Noticed a cyclops
  7249 | D:8      | Killed a cyclops
  7451 | D:9      | Found a radiant altar of Vehumet.
  7848 | D:9      | Reached skill level 5 in Fighting
  8107 | D:9      | Reached XP level 11. HP: 80/83 MP: 11/11
  8139 | D:9      | Noticed Maggie
  8144 | D:9      | Killed Maggie
  8460 | D:10     | Entered Level 10 of the Dungeon
  8549 | D:10     | Reached skill level 1 in Spellcasting
  8589 | D:10     | Found a flagged portal.
  8606 | Bailey   | Entered a bailey
  8861 | Bailey   | Noticed Grum
  8867 | Bailey   | Killed Grum
  9056 | D:10     | Found a staircase to the Lair.
  9056 | D:10     | Noticed an oklob plant
  9076 | D:10     | Killed an oklob plant
  9077 | D:10     | Reached skill level 5 in Spellcasting
  9110 | D:10     | Reached skill level 1 in Earth Magic
  9133 | D:10     | Reached skill level 1 in Necromancy
  9162 | D:10     | Found Tugas's Jewellery Shop.
  9276 | D:8      | Bought a pair of embroidered boots for 232 gold pieces
  9285 | D:8      | Bought a shiny helmet for 232 gold pieces
  9336 | D:10     | Noticed baller8008's ghost (journeyman AtFi)
  9336 | D:10     | Found a runed translucent door.
  9516 | D:10     | Found Noptissi's Armour Emporium.
  9561 | D:10     | Found a hide-covered altar of Uskayaw.
  9720 | D:10     | Found a staircase to the Orcish Mines.
 10032 | Lair:1   | Entered Level 1 of the Lair of Beasts
 10149 | Lair:1   | Identified the +8 long sword of the Snake Pit {vorpal,
                  | rElec Str+4 SInv}
 10191 | Lair:1   | Noticed Gastronok
 10201 | Lair:1   | Killed Gastronok
 10202 | Lair:1   | Reached XP level 12. HP: 91/91 MP: 20/20
 10264 | Lair:1   | Noticed Sonja
 10270 | Lair:1   | Killed Sonja
 10403 | Lair:1   | Found a broken altar of Ashenzari.
 10519 | Lair:1   | Reached *** piety under Ashenzari
 10720 | Lair:2   | Reached skill level 5 in Earth Magic
 10722 | Lair:2   | Reached skill level 5 in Necromancy
 10761 | Lair:2   | Found a hole to the Spider Nest.
 10761 | Lair:2   | Noticed an orb spider
 10767 | Lair:2   | Noticed Fannar
 10803 | Lair:2   | Killed Fannar
 10838 | Lair:2   | Found a gate leading to a gauntlet.
 10847 | Gauntlet | Entered a Gauntlet
 10847 | Gauntlet | Found a transporter.
 10847 | Gauntlet | Found a transporter.
 10889 | Gauntlet | Found a transporter.
 10903 | Gauntlet | Found a transporter.
 10919 | Gauntlet | Found a transporter.
 10919 | Gauntlet | Found a transporter.
 10919 | Gauntlet | Found a transporter.
 10921 | Gauntlet | Found a transporter.
 10921 | Gauntlet | Found a transporter.
 10933 | Gauntlet | Found a transporter.
 10935 | Gauntlet | Identified the +1 helmet of Uris {rElec rCorr}
 10949 | Gauntlet | Found a transporter.
 10951 | Gauntlet | Identified the +0 pair of boots of Jifreckewk {rF- rN+ MP+9
                  | Str+2}
 10958 | Gauntlet | Found a runed translucent gate.
 10959 | Gauntlet | Found a transporter.
 10959 | Gauntlet | Found a runed translucent gate.
 10959 | Gauntlet | a manticore changed into a two-headed ogre
 10959 | Gauntlet | Noticed a two-headed ogre (glowing shapeshifter)
 10960 | Gauntlet | Found a runed translucent gate.
 10966 | Gauntlet | a two-headed ogre changed into a sea snake
 10966 | Gauntlet | Noticed a sea snake (glowing shapeshifter)
 10969 | Gauntlet | a sea snake changed into a water nymph
 10976 | Gauntlet | Found a transporter.
 10995 | Gauntlet | Found a transporter.
 11085 | Gauntlet | Noticed a death yak
 11086 | Gauntlet | a death yak changed into a minotaur
 11086 | Gauntlet | Noticed a minotaur (glowing shapeshifter)
 11088 | Gauntlet | Noticed a storm dragon
 11090 | Gauntlet | a storm dragon changed into a dire elephant
 11090 | Gauntlet | Noticed a dire elephant (glowing shapeshifter)
 11154 | Gauntlet | Noticed a minotaur
 11156 | Gauntlet | a minotaur changed into a dire elephant
 11156 | Gauntlet | Noticed a dire elephant (glowing shapeshifter)
 11157 | Gauntlet | a dire elephant changed into a fenstrider witch
 11157 | Gauntlet | Noticed a fenstrider witch (glowing shapeshifter)
 11163 | Gauntlet | a fenstrider witch changed into an alligator snapping
                  | turtle
 11163 | Gauntlet | Noticed an alligator snapping turtle (glowing shapeshifter)
 11189 | Gauntlet | HP: 2/91 [centaur warrior simulacrum (14)]
 11269 | Gauntlet | Noticed a minotaur
 11312 | Gauntlet | Killed a minotaur
 11336 | Gauntlet | Identified the Omnibus of Baneful Imprecation
 11336 | Gauntlet | Identified the amulet "Lolavitt" {Faith Str+6}
 11375 | Lair:2   | Learned a level 5 spell: Borgnjor's Vile Clutch
 11769 | Lair:2   | Reached XP level 13. HP: 68/97 MP: 21/21
 11795 | Lair:2   | Reached skill level 10 in Ranged Weapons
 12320 | Lair:3   | Found a staircase to the Shoals.
 12404 | Lair:3   | Reached **** piety under Ashenzari
 12663 | Lair:3   | Noticed a catoblepas
 12681 | Lair:3   | Killed a catoblepas
 13343 | D:6      | Bought a glowing cloak for 180 gold pieces
 13549 | Shoals:1 | Entered Level 1 of the Shoals
 14284 | Lair:4   | Reached XP level 14. HP: 99/111 MP: 26/26
 14413 | Lair:4   | Reached ***** piety under Ashenzari
 14695 | Lair:5   | Entered Level 5 of the Lair of Beasts
 14821 | Lair:5   | Reached skill level 10 in Shields
 15555 | Lair:5   | Found a staircase to the Slime Pits.
 15558 | Lair:5   | Found a viscous altar of Jiyva.
 15816 | Lair:5   | Reached XP level 15. HP: 122/122 MP: 28/28
 16131 | Orc:1    | Entered Level 1 of the Orcish Mines
 16440 | Orc:2    | Entered Level 2 of the Orcish Mines
 16459 | Orc:2    | Noticed an orc warlord
 16514 | Orc:2    | Found Rego's Book Emporium.
 16621 | Orc:2    | Paralysed by an orc sorcerer for 2 turns
 16697 | Orc:2    | Found Tuipn's Antique Armour Shoppe.
 16722 | Orc:2    | Found Wiakhlyn's General Store.
 16766 | Orc:2    | Killed an orc warlord
 16847 | Orc:2    | Found Xaorros's Antique Weapon Boutique.
 16893 | Orc:2    | Found a staircase to the Elven Halls.
 17024 | Orc:2    | Noticed Rupert
 17041 | Orc:2    | Killed Rupert
 17042 | Orc:2    | Reached skill level 10 in Necromancy
 17120 | Orc:2    | Found a burning altar of Makhleb.
 17170 | Elf:1    | Entered Level 1 of the Elven Halls
 17493 | D:10     | Bought a +6 ring of intelligence for 576 gold pieces
 17494 | D:10     | Reached ****** piety under Ashenzari
 17621 | Elf:1    | Learned a level 6 spell: Death Channel
 18141 | Elf:1    | Identified the +4 dagger of Gofowk {venom, rF++ Dex-2}
 18147 | Elf:1    | Reached skill level 1 in Translocations
 18176 | Abyss:3  | Cast into level 3 of the Abyss (a deep elf demonologist)
 18187 | Abyss:3  | Noticed a bone dragon
 18202 | Abyss:3  | Gained mutation: You occasionally lose the ability to read
                  | scrolls when taking damage. [a neqoxec]
 18203 | Abyss:3  | Reached XP level 16. HP: 134/134 MP: 16/30
 18462 | Abyss:3  | Noticed a bone dragon
 18464 | Abyss:3  | Noticed a tentacled starspawn
 18483 | Abyss:3  | Got an abyssal rune of Zot
 18485 | Abyss:3  | Noticed a bone dragon
 18526 | Abyss:3  | Killed a bone dragon
 18527 | Abyss:3  | Reached skill level 5 in Translocations
 18583 | Elf:1    | Escaped the Abyss
 18801 | Orc:2    | Bought a book of the Hunter for 286 gold pieces
 18805 | Orc:2    | Learned a level 3 spell: Portal Projectile
 18887 | D:11     | Found a transporter.
 18896 | D:11     | Found a transporter.
 18900 | D:11     | Found a bloodstained altar of Trog.
 18900 | D:11     | Noticed purpskrrrp's ghost (journeyman DESu)
 18930 | D:11     | Learned a level 2 spell: Blink
 19324 | D:11     | Killed purpskrrrp's ghost
 19953 | D:12     | Noticed Erolcha
 19955 | D:12     | Killed Erolcha
 20762 | D:13     | Noticed Azrael
 20769 | D:13     | Killed Azrael
 20794 | D:13     | Noticed Kirke
 20802 | D:13     | Killed Kirke
 22167 | D:14     | Found a gate to the Vaults.
 22852 | D:15     | Entered Level 15 of the Dungeon
 22907 | D:15     | Reached XP level 17. HP: 109/140 MP: 19/34
 23285 | D:15     | Identified the +2 robe of Spring {Will- Str+4 Archmagi}
 23789 | D:15     | Found a staircase to the Depths.
 24627 | Shoals:1 | Reached skill level 15 in Necromancy
 24975 | Shoals:1 | Learned a level 8 spell: Infestation
 24978 | Shoals:2 | Found Mevut's Armour Boutique.
 25984 | Shoals:3 | Found a flickering gateway to a bazaar.
 25991 | Bazaar   | Entered a bazaar
 25995 | Bazaar   | Found Xely's Jewellery Boutique.
 26017 | Bazaar   | Found Gieneu's Antique Armour Emporium.
 26038 | Bazaar   | Found Jimof's Book Boutique.
 26058 | Bazaar   | Found Fioblaxua's Armour Shoppe.
 26110 | Shoals:3 | Reached skill level 1 in Summonings
 26308 | Shoals:3 | Learned a level 7 spell: Haunt
 26321 | Shoals:3 | Noticed Ilsuiw
 26345 | Shoals:3 | Killed Ilsuiw
 26711 | Shoals:3 | Identified the +4 scale mail "Mufug" {Rampage Dex+3 SInv}
 26722 | Shoals:3 | Reached skill level 5 in Summonings
 26722 | Shoals:3 | Reached XP level 18. HP: 119/147 MP: 35/35
 26988 | Shoals:3 | Noticed a kraken
 26997 | Shoals:3 | Killed a kraken
 27229 | Shoals:3 | Noticed Polyphemus
 27239 | Shoals:3 | Killed Polyphemus
 27631 | Shoals:4 | Entered Level 4 of the Shoals
 27653 | Shoals:4 | Identified Roxanne's Octavo of the Geologist
 27653 | Shoals:4 | Noticed Roxanne
 27672 | Shoals:4 | Killed Roxanne
 27724 | Shoals:4 | Noticed a kraken
 28085 | Shoals:4 | Reached skill level 1 in Hexes
 28110 | Shoals:4 | Reached skill level 2 in Hexes
 28138 | Shoals:4 | Reached skill level 3 in Hexes
 28502 | Shoals:4 | Found a runed translucent gate.
 28502 | Shoals:4 | Found a runed translucent gate.
 28504 | Shoals:4 | Found a runed translucent gate.
 28505 | Shoals:4 | Noticed Phlounder's ghost (adept DjFE)
 28532 | Shoals:4 | Reached skill level 4 in Hexes
 28632 | Shoals:4 | Reached skill level 5 in Hexes
 28662 | Shoals:4 | Identified the +1 leather armour of Starshine {Str+4 Int+8}
 28750 | Shoals:4 | Killed a kraken
 28882 | Shoals:4 | Got a barnacled rune of Zot
 28976 | Shoals:4 | Reached skill level 6 in Hexes
 29178 | Shoals:4 | Identified the +7 chain mail of Raroq {Will+ Str-4 Slay+5
                  | Stlth+}
 29396 | Shoals:4 | Identified the +12 dagger of Gallantry {antimagic, rC+
                  | Str+4}
 29396 | Shoals:4 | Identified the +0 pair of boots "Coudoz" {rElec rF+ Will+}
 29560 | Slime:1  | Entered Level 1 of the Pits of Slime
 29561 | Slime:1  | Noticed an acid blob
 29563 | Slime:1  | Noticed an acid blob
 29684 | Spider:1 | Entered Level 1 of the Spider Nest
 29776 | Spider:1 | Reached skill level 7 in Hexes
 30650 | Spider:1 | Reached skill level 8 in Hexes
 31522 | Spider:2 | Reached skill level 9 in Hexes
 31526 | Spider:2 | Reached XP level 19. HP: 133/153 MP: 3/36
 31688 | Spider:2 | Reached skill level 10 in Hexes
 31976 | Spider:2 | Reached skill level 11 in Hexes
 33012 | Spider:3 | Reached skill level 12 in Hexes
 33419 | Spider:3 | Lost mutation: You occasionally lose the ability to read
                  | scrolls when taking damage. [potion of mutation]
 33419 | Spider:3 | Gained mutation: You possess an exceptional clarity of
                  | mind. [potion of mutation]
 33419 | Spider:3 | Gained mutation: You have sharp toenails. [potion of
                  | mutation]
 33582 | Spider:3 | Learned a level 7 spell: Enfeeble
 33799 | Spider:4 | Entered Level 4 of the Spider Nest
 33799 | Spider:4 | Identified the ring of Aroguap {Ice Str+4 Int+3}
 33965 | Spider:4 | Reached skill level 13 in Hexes
 34380 | Spider:4 | Reached skill level 14 in Hexes
 34778 | Spider:4 | Reached XP level 20. HP: 140/160 MP: 27/37
 34858 | Spider:4 | Learned a level 8 spell: Discord
 35014 | Spider:4 | Reached skill level 15 in Hexes
 35225 | Spider:4 | Got a gossamer rune of Zot
 35553 | Vaults:1 | Entered Level 1 of the Vaults
 35582 | Vaults:1 | Noticed Donald
 35593 | Vaults:1 | Killed Donald
 36068 | Vaults:1 | Reached skill level 16 in Hexes
 36218 | Vaults:1 | Identified the Discursus on Variation
 36296 | Vaults:1 | Identified the +1 leather armour "Qugirefo" {Int+3 Dex+3}
 36854 | Vaults:1 | Noticed Asterion
 36876 | Vaults:1 | Killed Asterion
 37463 | Vaults:2 | Reached skill level 17 in Hexes
 38077 | Vaults:2 | Reached skill level 18 in Hexes
 38195 | Vaults:2 | Reached XP level 21. HP: 166/166 MP: 38/38
 38633 | Vaults:2 | Reached skill level 19 in Hexes
 39708 | Vaults:3 | Found a staircase to the Crypt.
 39801 | Vaults:3 | Reached skill level 10 in Spellcasting
 40140 | Vaults:3 | Found a runed translucent gate.
 40140 | Vaults:3 | Found a runed translucent gate.
 40140 | Vaults:3 | Found a runed translucent gate.
 40140 | Vaults:3 | Noticed HilariousDeathArtist's ghost (adept DsRe)
 40142 | Vaults:3 | Identified the +4 war axe "Mefiam" {spect, Fly rPois}
 40143 | Vaults:3 | Found a viscous altar of Jiyva.
 40143 | Vaults:3 | Identified the ring "Zeheem" {rN++ MP+9 Int+4 Dex+2 Slay-5}
 40146 | Vaults:3 | Paralysed by a floating eye for 4 turns
 40161 | Vaults:3 | Killed HilariousDeathArtist's ghost
 41073 | Vaults:3 | Reached skill level 10 in Armour
 41624 | Vaults:4 | Reached XP level 22. HP: 156/173 MP: 31/42
 42175 | Vaults:4 | Identified the ring of the Lonely Orbs {rC- rN+ Will+ Str+3
                  | Int+4}
 42188 | Abyss:3  | Cast into level 3 of the Abyss (a wizard)
 42209 | Vaults:4 | Escaped the Abyss
 42410 | Abyss:3  | Cast into level 3 of the Abyss (a wizard)
 42418 | Vaults:4 | Escaped the Abyss
 42573 | Vaults:4 | Identified the +6 arbalest "Ezezis" {vorpal, rElec rC+}
 43031 | Vaults:5 | Entered Level 5 of the Vaults
 43043 | Vaults:5 | Reached skill level 15 in Armour
 43168 | Vaults:5 | Noticed an ancient lich
 43174 | Vaults:5 | Killed an ancient lich
 43414 | Vaults:5 | Reached XP level 23. HP: 169/179 MP: 17/43
 43741 | Vaults:5 | Identified the +6 arbalest of Neoxy {penet, rC+ Dex+5}
 43769 | Vaults:5 | Noticed an ancient lich
 43802 | Vaults:5 | Killed an ancient lich
 43970 | Vaults:5 | Found Weqoot's Weapon Shoppe.
 43988 | Vaults:5 | Identified the ring of Faradas {rPois SInv}
 44170 | Vaults:5 | Identified the +4 flail of the Eleven Friars {vorpal, rPois
                  | Int+3}
 44223 | Vaults:5 | Identified the +12 dagger of the Philosopher {spect, rN+
                  | Dex+4 Stlth-}
 44344 | Vaults:5 | Identified the +6 lajatang "Wuvveete" {freeze, *Noise Will+
                  | Dex+4}
 44648 | Vaults:5 | Identified the +2 halberd of the Coin {elec, rPois Str+4
                  | Int+3}
 44916 | Vaults:5 | Found the +2 hat of the Bear Spirit {Spirit, *Rage Will++}
 45327 | Vaults:5 | Identified the +3 falchion "Lifebane" {freeze, Fragile
                  | rElec rC+}
 45456 | Vaults:5 | Got a silver rune of Zot
 45919 | Depths:1 | Entered Level 1 of the Depths
 45940 | Depths:1 | Reached skill level 10 in Dodging
 46250 | Depths:1 | Found a one-way gate to the infinite horrors of the Abyss.
 46758 | Depths:1 | Identified the +3 shadow dragon scales "Nibuzoen" {rF++
                  | MP+9 Stlth++++}
 46833 | Depths:1 | Found a one-way gate leading to the halls of Pandemonium.
 46971 | Depths:1 | Found a gateway to Hell.
 47281 | Depths:2 | Reached XP level 24. HP: 187/187 MP: 38/43
 47412 | Depths:2 | Paralysed by a floating eye for 2 turns
 47607 | Depths:2 | Identified the +1 chain mail of Resourcefulness {rF- Dex+5}
 48944 | Depths:3 | Noticed a golden dragon
 48944 | Depths:3 | Noticed a juggernaut
 48953 | Depths:3 | Identified the +1 long sword of Vaoggep {speed, Dex+2}
 49328 | Depths:3 | Found a one-way gateway to a ziggurat.
 49344 | Depths:3 | Noticed the Enchantress
 49387 | Depths:3 | Killed the Enchantress
 49452 | Depths:3 | Killed a golden dragon
 49790 | Depths:3 | Killed a juggernaut
 50050 | Depths:3 | Found an opulent altar of Gozag.
 50102 | Depths:3 | Identified the +4 plate armour "Ofabi" {Str+3}
 50264 | Depths:3 | Identified the amulet "Zecrun" {RegenMP rElec rC+ Int-2}
 50554 | Depths:3 | Found a shimmering altar of Xom.
 50658 | Depths:3 | Reached skill level 15 in Dodging
 50955 | Depths:3 | Reached XP level 25. HP: 193/193 MP: 2/43
 51351 | Depths:4 | Entered Level 4 of the Depths
 52061 | Depths:4 | Found a gate to the Realm of Zot.
 52776 | Zot:1    | Entered Level 1 of the Realm of Zot
 52781 | Zot:1    | Noticed an orb of fire
 52790 | Zot:1    | Gained mutation: You are dopey. (Int -2) [an orb of fire]
 52792 | Zot:1    | Gained mutation: You occasionally lose the ability to drink
                  | potions when taking damage. [an orb of fire]
 53125 | Zot:1    | Gained mutation: You are frail. (-10% HP) [an orb of fire]
 53135 | Depths:4 | HP: 8/173 [orb of fire/bolt of fire (28)]
 53135 | Depths:4 | Killed from afar by an orb of fire

Illustrated notes

Levels and vault maps discovered:
D:1:      spicycebolla_arrival_transporter_tutorial, layout_loops_ring,
          shapermc_ecumenical_altar_rom_forum
D:2:      layout_basic, st_stairs_11, kennysheep_flooded_box
D:3:      layout_basic, ashenzari_altar_1, nicolae_hepliaklqana_hippocampus,
          lemuel_tele_altar, serial_shops, shop_coins, uniq_crazy_yiuf_cottage
D:4:      layout_loops_ring, nicolae_overflow_crystal_walls,
          kennysheep_mini_moat, amethyst_overflow_temple_binary
D:5:      layout_loops_ring, minmay_temple_entry_junction, serial_shops, shop,
          shop, shop_fountains, nicolae_shop_overgrown_old_shop,
          nicolae_shop_stone, serial_rivers, chequers_serial_rivers_micro_d,
          chequers_serial_rivers_micro_a, chequers_serial_rivers_large_a,
          chequers_serial_rivers_micro_c
D:6:      layout_loops_ring, serial_shops, kennysheep_mini,
          nicolae_inconvenience_store, nicolae_lakefront_shop, uniq_menkaure
D:7:      layout_basic, guppyfry_shop_venom
D:8:      layout_loops_ring, tgw_trog, nemelex_diamond_rough_becter,
          serial_shops, shop_fountains, nicolae_ossuary_entry_catacombs
D:9:      layout_basic, nicolae_vehumet_altar_sigil, uniq_maggie
D:10:     layout_basic, mainiacjoe_overflow_24_doors, dpeg_oklobed_lair,
          ebering_ghost_inner_flame, serial_shops, nicolae_lakefront_shop,
          nicolae_shop_stone, enter_bailey_5, patterned_corridor
D:11:     layout_loops_ring, gammafunk_ghost_wrathful_warriors,
          grunt_ministairs_12
D:12:     layout_loops_ring, uniq_erolcha
D:13:     layout_long_grid, uniq_kirke, uniq_azrael
D:14:     layout_basic, grunt_vaults_entry_fortified
D:15:     grunt_enter_depths_snipers, layout_long_grid, minmay_hedge_maze
Lair:1:   layout_hall_layers, basic_altar, grunt_megastairs_3, uniq_sonja,
          uniq_gastronok
Lair:2:   regret_index_wax_grids, layout_regular_city,
          nicolae_spider_entry_orb_guardian, gauntlet_entry_generic,
          enter_volcano_4, uniq_fannar
Lair:3:   layout_gridlike, minmay_shoals_entry_lonely_mermaid,
          roderic_carrion_pond
Lair:4:   beast_lair_carwin_large_1, layout_hall_layers, nicolae_lair_lindhole
Lair:5:   hangedman_lair_in_review, layout_misc_corridors,
          nicolae_slime_entry_slimehenge, worms_lemuel
Shoals:1: cheibrodos_shoals_roost, layout_shoals, centaur_isle
Shoals:2: layout_shoals, nicolae_stop_n_shop_2
Shoals:3: layout_shoals, serial_shops, bzr_entry_water, uniq_ilsuiw,
          uniq_polyphemus
Shoals:4: shoals_end_hangedman, layout_shoals, gammafunk_ghost_tricky_traps,
          uniq_roxanne
Spider:1: layout_chambers
Spider:2: layout_spider_delve
Spider:3: layout_chambers, nicolae_spider_nooks_and_crannies
Spider:4: hellmonk_spider_rune_bug_friends
Slime:1:  layout_caves
Orc:1:    layout_diamond_mine
Orc:2:    grunt_orc_gardens, layout_diamond_mine, grunt_orc_garden,
          grunt_orc_garden, grunt_orc_garden, grunt_orc_garden, basic_altar,
          uniq_rupert
Elf:1:    nicolae_elf_arrival_fired_up, layout_loops_corners,
          minmay_elf_demonology
Vaults:1: vaults_dpeg_diagonal, ontoclasm_vaults_spin,
          nicolae_vaults_network_quinsquares
          [nicolae_vaults_network_quincunx_subvault,
          nicolae_vaults_network_quincunx_subvault,
          nicolae_vaults_network_quincunx_subvault,
          nicolae_vaults_network_quincunx_subvault], nicolae_vaults_alarming,
          st_hourglassy, vaults_mumra_chevron, ontoclasm_vaults_claustrophobia,
          v_misc_14, ontoclasm_vaults_chip, layout_vaults_omnibox, uniq_donald,
          uniq_asterion
Vaults:2: v_pattern_1, v_misc_28, ontoclasm_vaults_loading_screen,
          dpeg_vaults_monster_box, nicolae_vaults_asterisk,
          nicolae_vaults_holding_cells, nicolae_vaults_diagonal_hallway_6,
          hangedman_vaults_slice, layout_vaults_omnigrid
Vaults:3: gammafunk_ghost_ooze, hangedman_vaults_nodes,
          minmay_crypt_entry_vampire_xt, v_misc_11,
          hangedman_vaults_stretched_pinwheel, nicolae_vaults_big_ls, v_misc_5,
          v_misc_4, nicolae_vaults_bisected_slash, nicolae_vaults_statue_guard,
          vaults_room_semicircle, ontoclasm_vaults_twist, layout_vaults_ring
Vaults:4: v_misc_23, nicolae_vaults_know_your_exits, v_misc_25,
          ontoclasm_vaults_chip, v_misc_10, nicolae_vaults_yaktaur_gun_rack,
          ontoclasm_vaults_chip, hangedman_vaults_nails, hangedman_vaults_maws,
          ontoclasm_vaults_fault, layout_vaults_chaotic_city
Vaults:5
Depths:1: layout_cave_pools, serial_column_ruins, column_ruins_portal_island,
          column_ruins_grid_1, column_ruins_open_medium, column_ruins_grid_4,
          column_ruins_grid_2, pf_hell_entry_tar_spiral, rand_demon_pan_entry_8,
          minmay_tree_intersection, minmay_mirror_moons_of_madness
Depths:2: four-leaf_vault, layout_gridlike, abyss_entry, pan_entry, hell_entry,
          hangedman_abyss_or_decor_clamps, uniq_grunn
Depths:3: minmay_the_grid_octo_tiled_squarecenter_mashed
          [minmay_the_grid_octo_77, minmay_the_grid_octo_pinwheel,
          minmay_the_grid_octo_clover_2, minmay_the_grid_octo_vomiting_pacman,
          minmay_the_grid_square_5x5_megaprize_crossed,
          minmay_the_grid_square_5x5_misaligned,
          minmay_the_grid_square_5x5_doubleslash,
          minmay_the_grid_square_5x5_plus, minmay_the_grid_square_5x5_seven],
          layout_honeycomb, enter_ziggurat_a, rand_demon_pan_entry_7,
          abyss_entry, bh_walls_and_bars, hell_entry,
          nicolae_gozag_cash_rules_everything_around_me, uniq_enchantress
Depths:4: grunt_zot_entry_bicorn, layout_gridlike, hell_entry,
          rand_demon_pan_entry_4
Zot:1:    hangedman_orp_of_zott, layout_basic

Skill      XL: |  1  2  3  4  5  6  7  8  9 10 11 12 13 14 15 16 17 18 19 20 21 22 23 24 25 |
---------------+----------------------------------------------------------------------------+-----
Ranged Weapons | 2 3 5 6 8 9 11 12 | 12.6
Armour         | 5 7 9 11 16 18 | 18.0
Shields        | 3 6 7 9 11 13 | 13.6
Dodging        | 4 6 7 8 12 15 17 | 17.9
Fighting       | 5 7 8 9 |  9.5
Spellcasting   | 5 8 11 | 11.0
Earth Magic    | 4 6 7 |  7.9
Necromancy     | 4 6 9 11 13 16 | 16.1
Translocations | 3 6 |  6.5
Summonings     | 5 7 |  7.2
Hexes          | 9 14 18 19 | 19.1
Long Blades    | |  2.0
Stealth        | |  5.0

Action                   |  1- 3 |  4- 6 |  7- 9 | 10-12 | 13-15 | 16-18 | 19-21 | 22-24 | 25-27 || total
-------------------------+-------+-------+-------+-------+-------+-------+-------+-------+-------++-------
Melee: Hand crossbow     |       |       |     8 |       |       |       |       |       |       ||     8
 Fire: Hand crossbow     |     5 |    57 |   253 |   654 |   749 |  1042 |   935 |   803 |   205 ||  4703
Throw: Dart              |       |     2 |       |     1 |     2 |       |       |       |       ||     5
       Throwing net      |       |       |       |       |       |       |     1 |       |       ||     1
       Javelin           |       |       |       |       |       |       |       |     1 |       ||     1
 Cast: Borgnjor's Vile C |       |       |       |       |    30 |    25 |     8 |    40 |     8 ||   111
       Death Channel     |       |       |       |       |     4 |    25 |     1 |       |       ||    30
       Blink             |       |       |       |       |       |    35 |     1 |       |       ||    36
       Portal Projectile |       |       |       |       |       |    54 |    21 |    15 |     1 ||    91
       Infestation       |       |       |       |       |       |    15 |    20 |    25 |     7 ||    67
       Haunt             |       |       |       |       |       |    28 |    33 |    37 |    12 ||   110
       Enfeeble          |       |       |       |       |       |       |    13 |     6 |       ||    19
       Discord           |       |       |       |       |       |       |    12 |    38 |     5 ||    55
Invok: Curse Item        |       |       |     3 |     4 |     6 |       |       |       |       ||    13
       Shatter the Chain |       |       |       |     2 |     1 |       |       |       |       ||     3
Evoke: Wand              |       |       |     1 |     9 |       |     6 |     3 |     1 |       ||    20
  Use: Potion            |     1 |       |       |     7 |     1 |     7 |     4 |     7 |       ||    27
       Scroll            |       |       |     7 |     9 |     2 |     5 |     2 |     8 |       ||    33
Armor: Leather armour    |       |     2 |     3 |       |       |       |       |       |       ||     5
       Scale mail        |       |       |   100 |    23 |       |       |       |       |       ||   123
       Ring mail         |       |       |       |   171 |   176 |   169 |   203 |   133 |    30 ||   882
Dodge: Dodged            |     2 |    14 |    78 |   279 |   304 |   293 |   340 |   251 |   113 ||  1674
Block: Buckler           |       |       |    19 |       |       |       |       |       |       ||    19
       Kite shield       |       |       |       |   402 |   481 |   498 |   486 |   283 |   103 ||  2253

Table legend: (Time is in decaauts)
 A = Elapsed time spent in this place.
 B = Non-inter-level travel time spent in this place.
 C = Inter-level travel time spent in this place.
 D = Time resting spent in this place.
 E = Time spent auto-exploring this place.
 F = Levels seen in this place.
 G = Mean time per level.
                   A        B        C        D        E       F      G
               +--------+--------+--------+--------+--------+-----+--------+
         Total |  54857 |  51129 |   3728 |   4764 |  35432 |  49 | 1119.5 |
       Dungeon |  15749 |  13838 |   1911 |    442 |  10827 |  15 | 1049.9 |
          Lair |   5753 |   5237 |    516 |    507 |   3435 |   5 | 1150.6 |
        Shoals |   5608 |   5447 |    161 |    574 |   3791 |   4 | 1402.0 |
   Spider Nest |   5848 |   5686 |    162 |    890 |   3666 |   4 | 1462.0 |
    Slime Pits |      5 |      5 |      0 |      0 |      0 |   1 |    5.0 |
  Orcish Mines |   1154 |   1028 |    126 |      0 |    707 |   2 |  577.0 |
   Elven Halls |   1114 |    972 |    142 |    106 |    616 |   1 | 1114.0 |
        Vaults |  10363 |   9791 |    572 |   1399 |   6603 |   5 | 2072.6 |
        Depths |   7305 |   7171 |    134 |    733 |   4998 |   4 | 1826.2 |
           Zot |     22 |     22 |      0 |      0 |      3 |   1 |   22.0 |
         Abyss |    430 |    430 |      0 |      0 |     21 |   3 |  143.3 |
        Bazaar |    106 |    106 |      0 |      0 |     85 |   1 |  106.0 |
       Ossuary |    428 |    428 |      0 |    113 |    123 |   1 |  428.0 |
        Bailey |    449 |    449 |      0 |      0 |    235 |   1 |  449.0 |
      Gauntlet |    515 |    515 |      0 |      0 |    321 |   1 |  515.0 |
               +--------+--------+--------+--------+--------+-----+--------+

Top non-repeatable levels by time:
Vaults:5: 2584 daAuts
Depths:3: 2543 daAuts
Vaults:3: 2255 daAuts
Shoals:3: 1986 daAuts
Vaults:4: 1904 daAuts
Spider:1: 1888 daAuts
Vaults:2: 1873 daAuts
Depths:2: 1832 daAuts
Depths:4: 1792 daAuts
Vaults:1: 1745 daAuts
Spider:4: 1613 daAuts
Shoals:4: 1609 daAuts
     D:6: 1493 daAuts
    D:13: 1414 daAuts
    D:10: 1355 daAuts
